 Dungeon Crawl Stone Soup version 0.20.1-1-g8b1a95d (webtiles) character file.

60 KoningWillie the Covered (level 3, -1/33 HPs)
             Began as a Minotaur Fighter on Oct 29, 2017.
             Slain by a gnoll
             ... wielding a +0 halberd
              (16 damage)
             ... on level 2 of the Dungeon.
             The game lasted 00:02:16 (1350 turns).

KoningWillie the Covered (Minotaur Fighter)         Turns: 1350, Time: 00:02:17

Health: -1/33      AC:  7    Str: 21    XL:     3   Next: 82%
Magic:  2/2        EV:  8    Int:  5    God:
Gold:   48         SH:  9    Dex:  9    Spells: 2/2 levels left

rFire    . . .     SeeInvis .   a - +0 long sword
rCold    . . .     Gourm    .   c - +0 shield
rNeg     . . .     Faith    +   b - +0 scale mail
rPois    .         Spirit   .   (helmet restricted)
rElec    .         Reflect  .   (no cloak)
rCorr    .         Harm     .   (no gloves)
MR       .....                  (no boots)
Stlth    ..........             i - amulet of faith
Regen    0.2/turn               (no ring)
MPRegen  0.1/turn               (no ring)

@: no status effects
A: retaliatory headbutt, horns 2
a: no special abilities


You were on level 2 of the Dungeon.
You were not hungry.

You visited 1 branch of the dungeon, and saw 2 of its levels.

You collected 48 gold pieces.

Inventory:

Hand Weapons
 a - a +0 long sword (weapon)
Armour
 b - a +0 scale mail (worn)
 c - a +0 shield (worn)
Jewellery
 i - an amulet of faith (around neck)
Scrolls
 j - a scroll of recharging
 k - a scroll of enchant armour {unknown}
 m - a scroll of magic mapping
Potions
 d - a potion of might
 e - a potion of resistance {unknown}
 g - a potion of magic {unknown}
 h - 2 potions of heal wounds {unknown}
Comestibles
 f - 2 bread rations


   Skills:
 + Level 4.0 Fighting
 + Level 3.2 Long Blades
 + Level 4.2 Armour
 + Level 0.9 Dodging
 + Level 4.2 Shields


You had 2 spell levels left.
You didn't know any spells.

Dungeon Overview and Level Annotations

Branches:
Dungeon (2/15)

Altars:


Innate Abilities, Weirdness & Mutations

You reflexively headbutt those who attack you in melee.
You have a pair of horns on your head.


Message History

The gnoll is moderately wounded.
You block the gnoll's attack.
The gnoll hits you but does no damage. x2
You hit the gnoll. Your headbutt misses the gnoll.
The gnoll is severely wounded.
The gnoll hits you but does no damage. The gnoll hits you with a whip.
The gnoll hits you with a flail. You block the gnoll's attack. x2
You closely miss the gnoll.
The gnoll is severely wounded.
The gnoll hits you but does no damage. The gnoll barely misses you.
The gnoll hits you but does no damage.
You barely miss the gnoll.
The gnoll is severely wounded.
The gnoll hits you but does no damage. The gnoll barely misses you.
You block the gnoll's attack.
You barely miss the gnoll. Your headbutt misses the gnoll.
The gnoll is severely wounded.
The gnoll barely misses you. You furiously retaliate!
You headbutt the gnoll! The gnoll hits you but does no damage.
The gnoll hits you from afar with a halberd!
You die...

......'.....###.#.######.#
#.....####### #.#......#.#
#.....# #........#.#
......# #........#)#
#####.#########....###.#.#
.......................>.#
##.....########..#.....#.#
#......####.gggg#######.#
#......##..g.##@.(......#
#......##....##.#########
#......##..............
######..#....##.#######
##.#)...##.#
########......##.#
............####.#
............# #.#
............# #.#


You could see 4 gnolls.

Vanquished Creatures
  2 gnolls (D:2)
  2 oozes (D:1)
  2 dart slugs
  2 leopard geckos
  3 bats (D:1)
  A giant cockroach (D:1)
  2 goblins (D:1)
  3 hobgoblins
  5 kobolds
  2 frilled lizards (D:1)
  5 rats
29 creatures vanquished.

Notes
Turn   | Place    | Note
-------+----------+-------------------------------------------
     0 | D:1      | KoningWillie the Minotaur Fighter began the quest for the Orb.
     0 | D:1      | Reached XP level 1. HP: 19/19 MP: 0/0
    95 | D:1      | Reached XP level 2. HP: 26/27 MP: 1/1
   641 | D:1      | Reached XP level 3. HP: 33/33 MP: 2/2
  1350 | D:2      | Slain by a gnoll

Skill      XL: |  1  2  3 |
---------------+----------+-----
Shields        | 4 |  4.2
Armour         | 4 |  4.2
Fighting       | 4 |  4.0
Long Blades    | 3 |  3.2
Dodging        | |  0.9

Action                   || total
-------------------------++-------
Melee: Long sword        ||    95
       Headbutt          ||    12
  Use: Scroll            ||     4
  Eat: Bread ration      ||     1
Armor: Scale mail        ||    45
Dodge: Dodged            ||    36
Block: Shield            ||    55
       Rpst.: Long sword ||     7
